 Dungeon Crawl Stone Soup version 0.19.1-1-g22dce08 (webtiles) character file.

28 Alarkh the Insei (level 3, 26/26 HPs)
             Began as a Demonspawn Transmuter on Jan 4, 2017.
             Got out of the dungeon alive.
             The game lasted 00:02:14 (1647 turns).

Alarkh the Insei (Demonspawn Transmuter)            Turns: 1647, Time: 00:02:15

Health: 26/26      AC:  2    Str: 10    XL:     3   Next: 0%
Magic:  6/6        EV: 12    Int: 15    God:
Gold:   52         SH:  0    Dex: 13    Spells: 2 memorised, 2 levels left

rFire  . . .     SeeInvis .       - Unarmed
rCold  . . .     Gourm    .     b - +0 robe
rNeg   . . .     Faith    .     (no shield)
rPois  .         Spirit   .     (helmet restricted)
rElec  .         Reflect  .     (no cloak)
rCorr  .         Harm     .     (no gloves)
MR     .....                    (no boots)
Stlth  +.........               (no amulet)
                                (no ring)
                                (no ring)

@: no status effects
A: horns 1, powered by death 1
a: no special abilities


You escaped.
You were not hungry.

You visited 1 branch of the dungeon, and saw 1 of its levels.

You collected 52 gold pieces.

Inventory:

Missiles
 a - 12 arrows
Armour
 b - a +0 robe (worn)
Jewellery
 k - an uncursed ring of resist corrosion {unknown}
Scrolls
 e - a scroll of identify {unknown}
 h - a scroll of fear {unknown}
 j - a scroll of magic mapping {unknown}
 m - a scroll of teleportation {unknown}
Potions
 f - a potion of curing {unknown}
 i - a potion of berserk rage {unknown}
 l - a potion of flight {unknown}
Books
 c - a book of Changes

   Spells                             Type                      Level
   a - Beastly Appendage              Transmutation                1
   b - Sticks to Snakes               Transmutation                2
   c - Spider Form                    Transmutation/Poison         3
   d - Ice Form                       Ice/Transmutation            4
   e - Blade Hands                    Transmutation                5
Comestibles
 d - a bread ration


   Skills:
 - Level 1.0 Fighting
 - Level 1.7 Dodging
 + Level 3.8 Unarmed Combat
 - Level 2.0 Spellcasting
 - Level 1.7 Transmutations


You had 2 spell levels left.
You knew the following spells:

 Your Spells              Type           Power        Failure   Level  Hunger
a - Beastly Appendage     Tmut           #.....       12%         1    #......
b - Spider Form           Tmut/Pois      #.........   56%         3    ###....


Dungeon Overview and Level Annotations

Branches:
Dungeon (1/15)

Altars:


Innate Abilities, Weirdness & Mutations

You have a pair of small horns on your head.
You regenerate a little health from kills.


Message History

You hit the rat.
You kill the rat!
You have reached level 3!
Your experience leads to an increase in your attributes!
Increase (S)trength, (I)ntelligence, or (D)exterity?
You feel clever.
Your demonic ancestry asserts itself...
A pair of horns grows on your head!
This spell is quite dangerous to cast!
Memorise Spider Form, consuming 3 spell levels and leaving 2?
Your transformation is almost over.
You start memorising the spell.
You continue memorising. x3
You finish memorising.
Spell assigned to 'b'.
Your talons disappear.
You open the door.
There is an open door here.
There is an open door, spattered with blood here.
You see here a club.
There is a staircase leading out of the dungeon here.
Are you sure you want to leave the Dungeon?
This will make you lose the game!
You have escaped!

......#.......................#..
......#################..........
.....###..............#..........
.....###..............#..........
.>.....#..)...........#..........
....##.#..#####...##..#..........
....'..#..# #...##..#.........#
....#..#.)# #.......######.....
#####..#..# #.@.....#.......... #
#..#..# #.......#..........
#####..#..# #..###..#..........
....#..#..#####..# #..####.......
..[....#.........# #..####)......
.....#.#.........###..##.).......
.....#.#..............##.........
.....#.#..####........##.........
.....#.#..# #........##.........


There were no monsters in sight!

Vanquished Creatures
  A leopard gecko (D:1)
  3 bats (D:1)
  2 giant cockroaches (D:1)
  A goblin (D:1)
  7 hobgoblins (D:1)
  2 jackals (D:1)
  A frilled lizard (D:1)
  3 kobolds (D:1)
  5 rats (D:1)
25 creatures vanquished.

Notes
Turn   | Place    | Note
-------+----------+-------------------------------------------
     0 | D:1      | Alarkh the Demonspawn Transmuter began the quest for the Orb.
     0 | D:1      | Reached XP level 1. HP: 15/15 MP: 3/3
   365 | D:1      | Reached skill level 3 in Unarmed Combat
   396 | D:1      | Gained mutation: You regenerate a little health from kills. [demonic ancestry]
   396 | D:1      | Reached XP level 2. HP: 13/21 MP: 3/5
  1583 | D:1      | Gained mutation: You have a pair of small horns on your head. [demonic ancestry]
  1583 | D:1      | Reached XP level 3. HP: 24/26 MP: 4/6
  1588 | D:1      | Learned a level 3 spell: Spider Form
  1647 | D:$      | Got out of the dungeon alive.

Skill      XL: |  1 |
---------------+----+-----
Unarmed Combat | 3 |  3.8
Fighting       | |  1.0
Dodging        | |  1.7
Spellcasting   | |  2.0
Transmutations | |  1.7

Action                   || total
-------------------------++-------
Melee: Unarmed           ||    93
       Kick              ||     3
       Headbutt          ||     1
 Cast: Beastly Appendage ||    18
  Eat: Chunk             ||     3
Armor: Robe              ||    21
Dodge: Dodged            ||    48
